 Dungeon Crawl Stone Soup version 0.31.0-32-g396128a36d (webtiles) character file.

Game seed: 911974053368243098

1800031 Zonian the Cutthroat (level 27, 246/246 HPs)
             Began as a Gnoll Gladiator on Mar 24, 2024.
             Was an Initiate of Gozag.
             Escaped with the Orb
             ... and 4 runes on Apr 5, 2024!
             The game lasted 06:10:48 (113469 turns).

Zonian the Cutthroat (Gnoll Gladiator)            Turns: 113469, Time: 06:10:49

Health: 246/246    AC: 20    Str: 32    XL:     27
Magic:  42/42      EV: 34    Int: 15    God:    Gozag
Gold:   10965      SH: 32    Dex: 31    Spells: 4/65 levels left

rFire   + + +        N - +6 demon trident of Grandeur {elec, Str+4 Dex+3}
rCold   + . .        M - +6 tower shield of the Amorous Jabberwock {rElec Dex+4}
rNeg    + . .        Q - +3 ring mail "Ofioleri" {Will++ Str+4 Int-3 Dex+3}
rPois   +            R - +1 helmet "Addasum" {rN+ Int+3 Slay+5 SInv}
rElec   +            F - scarf of the Parsimonious Lion {rC+ rF+, Fly}
rCorr   +            T - +2 pair of gloves {Str+3}
SInv    +            j - +2 pair of boots
Will    +++++        A - amulet "Desimy" {Spirit Rampage rF+ rCorr Dex+3}
Stlth   +++          U - ring "Keaxied" {rF+ Will+ Slay+3}
HPRegen 0.61/turn    L - ring "Harhaku" {rPois rF+ Str+3 SInv}
MPRegen 0.28/turn

%: guardian spirit, rampage
@: flying, studying 4 skills
A: fangs 1, strong nose, distributed training, deformed body, low MP 1, robust
1, screaming 1, strong 1, MP-powered wands
0: Orb of Zot
}: 4/15 runes: serpentine, barnacled, slimy, silver
a: Renounce Religion, Potion Petition, Call Merchant, Bribe Branch


You escaped.
You worshipped Gozag.
Gozag was extremely pleased with you.
You visited 13 branches of the dungeon, and saw 56 of its levels.
You visited 1 ziggurat, and saw 8 of its levels.

You collected 33062 gold pieces.
You spent 8821 gold pieces at shops.
You paid 13276 gold pieces to Gozag.

Inventory:

Hand Weapons
 a - the +5 long sword "Coloesips" {elec, rElec Int+3 SInv Stlth-}
   (You bought it in a shop on level 13 of the Dungeon)

   Int+3:     It affects your intelligence (+3).
   rElec:     It insulates you from electricity.
   SInv:      It lets you see invisible.
   Stlth-:    It makes you less stealthy.
 b - the +9 sling "Hetod" {freeze, rF+ rN+ Str+2}
   (You found it on level 3 of the Elven Halls)

   Str+2:     It affects your strength (+2).
   rF+:       It protects you from fire.
   rN+:       It protects you from negative energy.
 w - a +9 long sword of holy wrath
 B - the +7 quick blade "Eqoe" {freeze, Dex+4}
   (You took it off an ogre mage on level 5 of the Vaults)

   Dex+4:     It affects your dexterity (+4).
 N - the +6 demon trident of Grandeur (weapon) {elec, Str+4 Dex+3}
   (You found it on level 2 of the Depths)

   Str+4:     It affects your strength (+4).
   Dex+3:     It affects your dexterity (+3).
Missiles
 c - a throwing net
 e - 9 javelins
 J - 16 silver javelins (quivered)
Armour
 j - a +2 pair of boots (worn)
 F - the scarf of the Parsimonious Lion (worn) {rC+ rF+, Fly}
   (You bought it in a shop on level 2 of the Orcish Mines)

   Fly:       It grants you flight.
 M - the +6 tower shield of the Amorous Jabberwock (worn) {rElec Dex+4}
   (You took it off Louise on level 1 of the Elven Halls)

   Dex+4:     It affects your dexterity (+4).
   rElec:     It insulates you from electricity.
 Q - the +3 ring mail "Ofioleri" (worn) {Will++ Str+4 Int-3 Dex+3}
   (You bought it in a shop on level 2 of the Orcish Mines)

   Str+4:     It affects your strength (+4).
   Int-3:     It affects your intelligence (-3).
   Dex+3:     It affects your dexterity (+3).
   Will++:    It greatly increases your willpower.
 R - the +1 helmet "Addasum" (worn) {rN+ Int+3 Slay+5 SInv}
   (You bought it in a shop on level 6 of the Dungeon)

   Int+3:     It affects your intelligence (+3).
   Slay+5:    It affects your accuracy & damage with ranged weapons and melee
   (+5).
   rN+:       It protects you from negative energy.
   SInv:      It lets you see invisible.
 T - a +2 pair of gloves of strength (worn)
Jewellery
 A - the amulet "Desimy" (around neck) {Spirit Rampage rF+ rCorr Dex+3}
   (You found it on level 4 of the Shoals)

   [amulet of guardian spirit]

   Spirit:    It causes incoming damage to be divided between your reserves of
   health and magic.
   Dex+3:     It affects your dexterity (+3).
   rF+:       It protects you from fire.
   rCorr:     It protects you from acid and corrosion.
   Rampage:   It bestows one free step when moving towards enemies.
 L - the ring "Harhaku" (right hand) {rPois rF+ Str+3 SInv}
   (You acquired it on level 3 of the Shoals)

   [ring of see invisible]

   Str+3:     It affects your strength (+3).
   rF+:       It protects you from fire.
   rPois:     It protects you from poison SInv: It lets you see invisible.
 U - the ring "Keaxied" (left hand) {rF+ Will+ Slay+3}
   (You bought it in a shop on level 2 of the Vaults)

   [ring of willpower]

   Slay+3:    It affects your accuracy & damage with ranged weapons and melee
   (+3).
   rF+:       It protects you from fire.
   Will+:     It increases your willpower.
Wands
 h - a wand of roots (50)
 K - a wand of mindburst (65)
 V - a wand of light (22)
 X - a wand of digging (19)
Scrolls
 m - 5 scrolls of summoning
 n - 7 scrolls of teleportation
 q - 2 scrolls of enchant armour
 s - 4 scrolls of immolation
 t - a scroll of brand weapon
 v - 7 scrolls of fog
 G - 9 scrolls of poison
 H - a scroll of silence
 P - 4 scrolls of blinking
 S - 7 scrolls of revelation
 Y - 6 scrolls of fear
Potions
 d - 3 potions of haste
 g - 25 potions of curing
 k - 8 potions of cancellation
 l - 4 potions of resistance
 o - 4 potions of magic
 p - a potion of heal wounds
 z - 8 potions of enlightenment
 C - 3 potions of berserk rage
 E - 4 potions of mutation
 I - 12 potions of brilliance
 O - 7 potions of invisibility
 W - 4 potions of might
Miscellaneous
 r - a condenser vane
 y - the horn of Geryon
 D - a phantom mirror
 Z - a lightning rod (4/4)


   Skills:
 + Level 20.1 Fighting
 + Level 22.9 Short Blades
 + Level 19.6 Long Blades
 + Level 19.6 Axes
 + Level 22.6 Maces & Flails
 + Level 19.6 Polearms
 + Level 19.6 Staves
 + Level 19.6 Ranged Weapons
 + Level 21.6 Throwing
 + Level 19.6 Armour
 + Level 20.5 Dodging
 + Level 22.8 Stealth
 + Level 19.6 Shields
 + Level 19.6 Unarmed Combat
 + Level 19.6 Spellcasting
 + Level 16.8 Conjurations
 + Level 16.8 Hexes
 + Level 16.8 Summonings
 + Level 16.8 Necromancy
 + Level 16.8 Translocations
 + Level 16.8 Fire Magic
 + Level 16.8 Ice Magic
 + Level 16.8 Air Magic
 + Level 16.8 Earth Magic
 + Level 16.8 Alchemy
 + Level 21.2 Invocations
 + Level 19.6 Evocations
 + Level 18.2 Shapeshifting


You had 4 spell levels left.
You knew the following spells:

 Your Spells              Type           Power      Damage    Failure   Level
a - Vampiric Draining     Necr           60%        2d10      1%          3
b - Dispel Undead         Necr           60%        3d21      1%          4
c - Ozocubu's Armour      Ice            60%        N/A       1%          3
d - Lee's Rapid Deconstr  Erth           30%        3d16*     1%          5
e - Summon Lightning Spi  Summ/Air       60%        N/A       1%          4
f - Metabolic Englaciati  Hex/Ice        30%        N/A       1%          5
g - Iskenderun's Mystic   Conj/Tloc      60%        2d13      1%          4
h - Olgreb's Toxic Radia  Alch           60%        N/A       1%          4
i - Summon Forest         Summ/Tloc      30%        N/A       1%          5
j - Fireball              Conj/Fire      30%        3d13      1%          5
k - Swiftness             Air            60%        N/A       1%          3
l - Airstrike             Air            30%        2d(5-21)  1%          4
m - Dispersal             Tloc           30%        N/A       1%          6
n - Plasma Beam           Fire/Air       30%        2x1d43    1%          6

Your spell library contained the following spells:

 Spells                   Type           Power      Damage    Failure   Level
 Apportation              Tloc           100%       N/A       0%          1
 Foxfire                  Conj/Fire      100%       2x1d9     0%          1
 Kiss of Death            Conj/Necr      100%       2d13      0%          1
 Magic Dart               Conj           100%       1d8       0%          1
 Necrotise                Necr           100%       1d9       0%          1
 Shock                    Conj/Air       100%       1d9       0%          1
 Slow                     Hex            100%       N/A       0%          1
 Sting                    Conj/Alch      100%       1d9       0%          1
 Summon Small Mammal      Summ           100%       N/A       0%          1
 Blink                    Tloc           100%       N/A       0%          2
 Call Imp                 Summ           100%       N/A       0%          2
 Cigotuvi's Dreadful Rot  Necr/Alch/Air  100%       N/A       0%          2
 Ensorcelled Hibernation  Hex/Ice        100%       N/A       0%          2
 Jinxbite                 Hex            100%       N/A       0%          2
 Lesser Beckoning         Tloc           100%       N/A       0%          2
 Mercury Vapours          Alch/Air       100%       N/A       0%          2
 Scorch                   Fire           100%       2d9       0%          2
 Searing Ray              Conj           100%       2d8       0%          2
 Static Discharge         Conj/Air       100%       3-8/arc   0%          2
 Sublimation of Blood     Necr           60%        N/A       0%          2
 Call Canine Familiar     Summ           60%        N/A       1%          3
 Confusing Touch          Hex            60%        N/A       1%          3
 Frozen Ramparts          Ice            100%       1d16      1%          3
 Gell's Gravitas          Tloc           60%        N/A       1%          3
 Inner Flame              Hex/Fire       60%        N/A       1%          3
 Mephitic Cloud           Conj/Alch/Air  60%        N/A       1%          3
 Sigil of Binding         Hex            60%        N/A       1%          3
 Summon Ice Beast         Ice/Summ       60%        N/A       1%          3
 Teleport Other           Tloc           60%        N/A       1%          3
 Tukima's Dance           Hex            60%        N/A       1%          3
 Animate Armour           Summ/Erth      100%       N/A       1%          4
 Brom's Barrelling Bould  Conj/Erth      60%        2d8       1%          4
 Dimensional Bullseye     Hex/Tloc       30%        N/A       1%          4
 Flame Wave               Conj/Fire      60%        2d14      1%          4
 Ignite Poison            Fire/Alch      60%        N/A       1%          4
 Leda's Liquefaction      Alch/Erth      30%        N/A       1%          4
 Manifold Assault         Tloc           60%        N/A       1%          4
 Petrify                  Alch/Erth      60%        N/A       1%          4
 Summon Blazeheart Golem  Fire/Summ      60%        N/A       1%          4
 Alistair's Intoxication  Alch           40%        N/A       1%          5
 Borgnjor's Vile Clutch   Necr/Erth      30%        N/A       1%          5
 Freezing Cloud           Conj/Ice/Air   30%        6-21      1%          5
 Irradiate                Conj/Alch      30%        3d21      1%          5
 Iskenderun's Battlesphe  Conj           60%        2d11      1%          5
 Summon Mana Viper        Hex/Summ       60%        N/A       1%          5
 Bombard                  Conj/Erth      30%        9d5       1%          6
 Conjure Ball Lightning   Conj/Air       30%        3x3d10    1%          6
 Eringya's Noxious Bog    Alch           30%        4d6       1%          6
 Sculpt Simulacrum        Ice/Alch       30%        N/A       1%          6
 Starburst                Conj/Fire      30%        6d9       1%          6
 Summon Cactus Giant      Summ           30%        N/A       1%          6
 Haunt                    Necr/Summ      30%        N/A       6%          7
 Monstrous Menagerie      Summ           30%        N/A       6%          7
 Orb of Destruction       Conj           30%        9d10      6%          7
 Ozocubu's Refrigeration  Ice            30%        4d14      6%          7
 Spellforged Servitor     Conj/Summ      30%        N/A       6%          7
 Borgnjor's Revivificati  Necr           30%        N/A       41%         8
 Discord                  Hex            30%        N/A       41%         8
 Disjunction              Tloc           30%        N/A       41%         8
 Ignition                 Fire           30%        3d10      41%         8
 Infestation              Necr           30%        N/A       41%         8
 Death's Door             Necr           30%        N/A       100%        9
 Polar Vortex             Ice            30%        12d4*     100%        9
 Animate Dead             Necr           Unusable   N/A       N/A         4

Dungeon Overview and Level Annotations

Branches:
Dungeon (15/15)            Temple (1/1) D:5            Lair (4/5) D:9
 Shoals (4/4) Lair:3        Snake (4/4) Lair:3        Slime (5/5) Lair:4
    Orc (2/2) D:9             Elf (3/3) Orc:2        Vaults (5/5) D:14
  Crypt (3/3) Vaults:2       Tomb (0/3) Crypt:3      Depths (4/4) D:15
   Hell (visited)             Dis (0/7) Hell            Geh (0/7) Hell
    Coc (0/7) Hell            Tar (0/7) Hell            Zot (5/5) Depths:4

Altars:
Ashenzari
Cheibriados
Dithmenos
Elyvilon
Fedhas
Gozag
Hepliaklqana
Kikubaaqudgha
Makhleb
Nemelex Xobeh
Okawaru
Qazlal
Ru
Sif Muna
Trog
Uskayaw
Vehumet
Wu Jian
Xom
Yredelemnul
Zin
The Shining One
Jiyva
Lugonu

Shops:
D:1 !   D:4 [   D:6 *   D:11 [[=   D:13 *[   Orc:1 :   Orc:2 [*([   Elf:1 =:[*
Elf:3 :   Shoals:3 ***   Vaults:2 *   Vaults:5 !*   Zot:4 *   Depths:2 *
Depths:4 (

Portals:
Hell: Depths:1 Depths:2 Depths:3 Depths:4
Abyss: Depths:1 Depths:3 Depths:4
Pandemonium: Depths:2 Depths:4

Annotations:
Snake:4 2 runed translucent doors, jimmypageman's ghost, adept MiFi
Elf:1 3 runed translucent doors, PaiMei's ghost, adept DsNe
Vaults:1 3 runed translucent doors, deprived's ghost, veteran HOFi
Depths:1 2 transporters, Gemnonof's ghost, adept DgCj


Innate Abilities, Weirdness & Mutations

You have very sharp teeth.
Your uncanny sense of smell can sniff out nearby items.
Your experience applies equally to all skills.
Armour fits poorly on your strangely shaped body.
Your magical capacity is low. (-10% MP)
You are robust. (+10% HP)
You occasionally shout uncontrollably at your foes.
Your muscles are strong. (Str +4, Int/Dex -1)
You expend magic power (3 MP) to strengthen your wands.


Message History

Unknown command.
You fly upwards.
There is a stone staircase leading down here.
Unknown command.
There is an open door here.
Your extra speed is starting to run out.
There is a stone staircase leading up here.
Unknown command.
You fly upwards.
There is a stone staircase leading down here.
Unknown command.
You feel yourself slow down.
There is a stone staircase leading up here.
Unknown command.
You fly upwards.
There is a stone staircase leading down here.
Unknown command.
There is an escape hatch in the ceiling here.
You feel yourself speed up.
Unknown command.
A mysterious force pulls you upwards. The hatch slams shut behind you.
Unknown command.
An ice devil comes into view.
You reach to attack!
You impale the ice devil!!
The ice devil is heavily wounded.
You reach to attack!
You barely miss the ice devil.
The ice devil is heavily wounded.
You puncture the ice devil! You bite the ice devil.
The ice devil is almost dead.
You impale the ice devil!!
You kill the ice devil!
Unknown command.
Your extra speed is starting to run out.
You feel yourself slow down.
There is an open door here.
You reach down and open the door.
There is an open door here.
There is a staircase leading out of the dungeon here.
Unknown command.
You have escaped!

#######.##########....
######.......# ####.
#..>.......### #.
#######.####.###.# #.
..#..........# #.# ##
#.#.###.###### #.# # #.#.#
#.# ######### # #.#.# #.#
##.......## #
#.#.########....@....###### #
#....##...................##
#
###.##...⌠....##'##....⌠...#
#
##...#........#...#........#
#
#....#........'8.8'........#
.....###########'############
#.....# #.# #............#
##...## #.# ############.#
##.## #.# #.#


There were no monsters in sight!

Vanquished Creatures
  the Royal Jelly (Slime:5)
  6 dread liches
  An ancient lich (Crypt:3)
  Mara (Vaults:5)
  An orb of fire (Zot:2)
  Josephina (Zot:1)
  Sojobo (Vaults:4)
  Parghit (Zot:1)
  Bai Suzhen (Vaults:5)
  Margery (Crypt:3)
  A curse toe (Zot:3)
  Geryon (Hell)
  Vashnia (Snake:4)
  Nikola (Shoals:2)
  2 pandemonium lords
  The ghost of convarich the Phalangite, a veteran MfMo of Hepliaklqana (Depths:2)
  8 golden dragons
  A bone dragon (Crypt:3)
  3 electric golems
  12 tentacled monstrosities
  14 Orb Guardians
  A walking crystal tome (Depths:3)
  Jorgrun (Snake:1)
  6 liches
  Zenata (Vaults:4)
  5 titans
  2 deep elf master archers (Elf:3)
  Rupert (D:13)
  9 quicksilver dragons
  A walking frostbound tome (Depths:4)
  2 krakens
  9 searing wretches
  2 deep elf blademasters (Elf:3)
  6 sphinxes
  21 acid blobs
  A walking divine tome (Zig:8)
  Polyphemus (Shoals:2)
  The ghost of Charlie33ad the Warrior, an adept MiCK of Xom (Elf:2)
  A tentacled starspawn (Zig:8)
  10 death cobs
  Kirke (D:12)
  Agnes (D:14)
  The ghost of case the Executioner, an adept MiBe of Trog (Shoals:1)
  13 storm dragons
  3 ancient champions
  10 shadow dragons
  10 tengu reavers
  Donald (Elf:1)
  8 nagarajas
  Aizul (Shoals:2)
  14 rockslimes
  2 revenants
  3 protean progenitors
  10 azure jellies
  Ilsuiw (Shoals:2)
  8 deep elf sorcerers
  An iron dragon (Depths:3)
  Roxanne (Shoals:1)
  5 draconian shifters
  4 draconian knights
  9 fire giants
  10 frost giants
  3 deep elf elementalists (Elf:3)
  13 vault wardens
  A caustic shrike zombie (Hell)
  Louise (Elf:1)
  4 draconian monks
  The ghost of esran the Fighter, a journeyman TrFi of Okawaru (Orc:1)
  6 draconian scorchers
  An orc warlord (Orc:2)
  A ghost moth (Zot:5)
  4 caustic shrike skeletons
  A draconian annihilator (Zot:4)
  3 reapers
  8 ghouls
  4 draconian stormcallers
  22 very ugly things
  4 curse skulls
  19 ironbound preservers
  7 quicksilver oozes
  2 formless jellyfish (Vaults:2)
  4 cacodemons
  7 stone giants
  4 black draconians
  11 vampire knights
  13 ironbound thunderhulks
  9 deep elf demonologists
  7 deep elf annihilators
  6 green draconians
  7 war gargoyles
  The ghost of Tinen the Brawler, a journeyman TrMo of Wu Jian (D:12)
  2 bennus (Zig:7)
  2 purple draconians
  7 deep elf death magi
  14 dire elephants
  9 yellow draconians
  A wendigo (Hell)
  2 white draconians
  Azrael (Snake:1)
  9 spark wasps
  5 red draconians
  2 spectral hellephants (Crypt:2)
  5 crystal guardians
  2 spectral elves (Crypt:2)
  7 ettins
  A mummy priest (Zig:7)
  A green death (Hell)
  3 eidola
  2 blizzard demons
  13 merfolk impalers
  11 jiangshi
  9 merfolk javelineers
  A quicksilver dragon zombie (Hell)
  A spriggan zombie (Crypt:1)
  8 fire dragons
  13 yaktaur captains
  3 deep elf high priests
  3 entropy weavers
  39 vault guards
  9 hydras
  A spectral shadow dragon (Crypt:2)
  2 hell beasts
  A fenstrider witch zombie (Hell)
  4 peacekeepers
  9 ironbound frosthearts
  6 ice dragons
  3 rakshasas
  3 spriggan air magi
  2 stokers
  4 death knights
  19 centaur warriors
  A jorogumo (Zig:3)
  12 great orbs of eyes
  4 ogre magi
  5 anacondas
  4 merfolk avatars
  4 salamander tyrants
  Erica (Lair:1)
  11 naga warriors
  7 tengu warriors
  34 dancing weapons
  A merfolk aquamancer (Shoals:4)
  6 satyrs
  10 two-headed ogres
  An alligator snapping turtle (Shoals:4)
  A death scarab (Zig:7)
  2 two-headed ogres (shapeshifter)
  4 death yaks (Shoals:2)
  3 boulder beetles
  A deep troll shaman (Depths:2)
  A hell hog (Zig:8)
  4 occultists
  A sphinx skeleton (Depths:1)
  A shock serpent (shapeshifter) (Vaults:5)
  4 vampire magi (Crypt:2)
  6 deep troll earth magi
  A thrashing horror (Zig:8)
  9 soul eaters
  12 sun demons
  10 naga sharpshooters
  4 spriggan berserkers
  4 shock serpents (Snake:4)
  2 titan zombies
  14 deep elf knights
  A sixfirhy (D:6)
  3 skysharks
  17 hell knights
  6 iron trolls
  2 salamander mystics (Snake:3)
  2 wretched stars (Zig:8)
  4 bunyip zombies
  2 goliath frogs (Zot:5)
  A pharaoh ant (Zig:3)
  A shadow wraith (Crypt:2)
  31 skeletal warriors
  15 sea snakes
  An anaconda (shapeshifter) (Elf:2)
  3 flayed ghosts
  A cherub (Depths:3)
  6 mana vipers
  46 deep trolls
  A quicksilver dragon simulacrum (Zot:1)
  7 deep elf archers
  5 glowing orange brains
  A swamp dragon (Vaults:3)
  2 spriggan simulacra
  4 arcanists
  An obsidian statue (Depths:2)
  An anaconda skeleton (Hell)
  15 ironbound convokers
  An orb spider (shapeshifter) (Elf:2)
  2 bunyip skeletons (Hell)
  3 bog bodies (Crypt:2)
  4 orange crystal statues
  2 naga ritualists
  8 harpies
  18 lindwurms
  23 deep elf zephyrmancers
  30 ugly things
  A harpy (shapeshifter) (Elf:2)
  An iron giant skeleton (Crypt:3)
  13 phantasmal warriors
  25 deep elf pyromancers
  19 necromancers
  3 orc knights
  2 tengu zombies
  8 shining eyes
  2 fauns (shapeshifter)
  5 human zombies
  A shadow dragon skeleton (Depths:1)
  A frost giant zombie (Crypt:2)
  A draconian zombie (Crypt:1)
  2 orc sorcerers (Orc:2)
  14 moths of wrath
  A wolf spider (Vaults:5)
  13 cyclopes
  18 manticores
  13 fauns
  A stone giant zombie (Vaults:3)
  A worldbinder (Zig:8)
  11 salamanders
  A mana viper (shapeshifter) (Vaults:3)
  A fire giant skeleton (Vaults:4)
  A goliath frog skeleton (Crypt:1)
  7 merfolk sirens
  A centaur zombie (Crypt:3)
  2 elephants (shapeshifter)
  2 meliai (shapeshifter)
  4 kobold blastminers (Orc:2)
  Joseph (D:8)
  An eleionoma skeleton (Crypt:2)
  An iron dragon skeleton (Crypt:1)
  22 black mambas
  3 guardian serpents
  A rust devil (Depths:1)
  An ice statue (Zig:6)
  22 naga magi
  21 vault sentinels
  3 torpor snails (Lair:1)
  An alligator snapping turtle zombie (Crypt:3)
  A titan simulacrum (Hell)
  7 water nymphs
  2 eyes of devastation (Slime:5)
  5 gargoyles
  3 orange demons
  2 dire elephant skeletons
  2 unseen horrors (shapeshifter)
  7 cane toads
  2 hellions
  3 kobold demonologists (D:14)
  3 storm dragon simulacra
  An unseen horror (D:10)
  A red draconian zombie (Crypt:2)
  4 komodo dragons
  5 guardian mummies (Zig:7)
  4 freezing wraiths
  A komodo dragon (shapeshifter) (Elf:2)
  A rime drake (Lair:3)
  An ice devil (D:1)
  26 yaktaurs
  2 tengu conjurers
  An efreet (D:14)
  2 ancient zymes (Zig:8)
  2 trolls (shapeshifter) (Elf:2)
  7 trolls
  An unseen horror skeleton (Crypt:1)
  19 merfolk
  3 yaktaur skeletons
  5 harpy zombies
  Prince Ribbit (D:8)
  8 hornets
  4 wind drakes
  A wind drake (shapeshifter) (D:15)
  2 polar bears
  A guardian serpent zombie (Crypt:1)
  A stone giant simulacrum (Vaults:3)
  A fire dragon zombie (Crypt:3)
  A hydra skeleton (Crypt:1)
  A harpy skeleton (Hell)
  2 raiju
  3 glass eyes
  25 blink frogs
  An ettin zombie (Vaults:4)
  12 snapping turtles
  A fire giant simulacrum (Vaults:1)
  11 dream sheep
  A draconian simulacrum (Zot:1)
  3 spriggan skeletons
  19 water elementals
  87 slime creatures
  5 spriggans
  2 spriggans (shapeshifter) (Elf:2)
  7 wraiths
  3 shadows
  2 air elementals
  A culicivora (Zig:3)
  A centaur simulacrum (D:14)
  3 ettin skeletons
  A human (shapeshifter) (D:15)
  A black mamba zombie (Crypt:3)
  An elf zombie (Vaults:4)
  2 naga simulacra (Hell)
  2 vampires
  5 wyverns
  2 dire elephant simulacra (Hell)
  4 fire elementals
  20 yaks
  An ushabti (Zig:7)
  8 basilisks
  A warg (shapeshifter) (Elf:2)
  A hog (D:12)
  7 golden eyes
  A steam dragon (D:9)
  6 vampire mosquitoes
  A redback (Vaults:4)
  2 harpy simulacra (Hell)
  A neqoxec (D:14)
  5 wargs
  59 nagas
  2 acid dragons
  2 naga zombies (Hell)
  11 water moccasins
  4 hell hounds (Snake:1)
  2 ice beasts (D:6)
  2 glowing shapeshifter skeletons
  40 orc warriors
  2 sky beasts
  A two-headed ogre skeleton (Hell)
  6 black bears
  43 laughing skulls
  3 ogres
  An ogre (shapeshifter) (D:14)
  A blink frog zombie (Crypt:1)
  A swamp dragon skeleton (Crypt:1)
  7 boggarts
  11 centaurs
  A manticore skeleton (Crypt:1)
  9 wolves
  A kobold brigand (D:10)
  The ghost of middlethird the Chiller, an amateur VSIE (D:3)
  A bullfrog (shapeshifter) (Vaults:5)
  20 bullfrogs
  2 gnoll sergeants
  An ogre simulacrum (Vaults:4)
  3 earth elementals (Elf:3)
  A draconian skeleton (Crypt:1)
  7 necrophages
  4 scorpions
  A water moccasin zombie (Crypt:2)
  12 wights
  A hornet simulacrum (D:15)
  18 killer bees
  6 jellies
  Crazy Yiuf (D:7)
  A bombardier beetle (D:7)
  15 orc priests
  7 hounds
  A gnoll bouda (D:9)
  A sleepcap (D:8)
  13 starcursed masses (Zig:8)
  5 iguanas
  A scorpion zombie (Crypt:2)
  Natasha (thrice) (D:4)
  27 orc wizards
  10 hell rats
  A boggart simulacrum (D:13)
  4 mummies (Zig:7)
  14 gnolls
  8 adders
  A shadow imp (D:7)
  A white imp (D:6)
  4 ufetubi
  An adder skeleton (Crypt:1)
  5 dart slugs
  2 ribbon worms
  A ribbon worm (shapeshifter) (D:13)
  90 orcs
  7 ball pythons
  2 bat zombies
  14 endoplasms
  3 giant cockroaches (D:2)
  6 goblins
  8 hobgoblins
  4 jackals (D:3)
  18 kobolds
  4 quokkas
  9 bats
  4 frilled lizards (D:1)
  A frilled lizard zombie (Crypt:2)
  A quokka skeleton (Crypt:2)
  3 rats
  A butterfly (Lair:3)
  2 starspawn tentacles (Zig:8)
  3 tentacles (Shoals:4)
2377 creatures vanquished.

Vanquished Creatures (collateral kills)
  2 electric golems (Zot:5)
  4 Orb Guardians (Zot:5)
  A storm dragon (Zot:5)
  A fire giant (Depths:4)
  A stone giant (Vaults:5)
  A black draconian (Zot:3)
  A war gargoyle (Vaults:5)
  An ettin (Vaults:5)
  2 deep elf high priests (Vaults:5)
  A great orb of eyes (Zig:6)
  A rakshasa (Depths:1)
  3 slime creatures
  4 ugly things (D:14)
  A large abomination (Zot:5)
  A moth of wrath (Zot:5)
  A cyclops (D:14)
  2 eyes of devastation
  A glass eye (Depths:4)
  A neqoxec (Zot:1)
  A mummy (Zig:7)
31 creatures vanquished.

Vanquished Creatures (others)
  2 dread liches (Vaults:5)
  A golden dragon (Vaults:5)
  A tentacled monstrosity (Vaults:5)
  4 Orb Guardians (Zot:5)
  A lich (Vaults:5)
  2 titans (Vaults:5)
  A tengu reaver (Vaults:5)
  2 fire giants (Vaults:5)
  2 draconian knights
  2 vault wardens (Vaults:5)
  A deep elf sorcerer (Vaults:5)
  A frost giant (Vaults:5)
  An ironbound preserver (Vaults:5)
  A stone giant (Vaults:5)
  A deep elf demonologist (Vaults:5)
  A deep elf annihilator (Vaults:5)
  A war gargoyle (Vaults:5)
  2 ettins (Vaults:5)
  3 yaktaur captains (Vaults:5)
  2 vault guards (Vaults:5)
  A catoblepas (Shoals:2)
  A vampire mage (Depths:1)
  A shock serpent (shapeshifter) (Vaults:5)
  5 hell knights (Vaults:5)
  A deep elf knight (Elf:1)
  A skeletal warrior (Crypt:3)
  An orc knight (Vaults:5)
  2 necromancers
  A deep elf zephyrmancer (Vaults:5)
  A faun (Shoals:4)
  3 ironbound convokers (Vaults:5)
  A moth of wrath (Zot:5)
  A water nymph (shapeshifter) (Vaults:5)
  A vault sentinel (Vaults:5)
  2 yaktaurs (Vaults:5)
  A harpy zombie (Shoals:2)
  A vampire (D:11)
  An ushabti (Zig:7)
  A dire elephant simulacrum (Hell)
  A moth of wrath simulacrum (Zot:1)
  2 orc warriors (Vaults:5)
  A mummy (Zig:7)
  A lurking horror (Depths:1)
  2 snaplasher vines
  2 starspawn tentacles (Zig:8)
  19 tentacles
87 creatures vanquished.

Grand Total: 2495 creatures vanquished

Notes
Turn   | Place    | Note
-------+----------+-------------------------------------------
     0 | D:1      | Zonian the Gnoll Gladiator began the quest for the Orb.
     0 | D:1      | Reached XP level 1. HP: 20/20 MP: 1/1
   124 | D:1      | Reached XP level 2. HP: 22/26 MP: 2/2
   151 | D:1      | Found Gurcheax's Distillery.
   465 | D:1      | Reached XP level 3. HP: 31/31 MP: 3/3
   721 | D:1      | Reached skill level 1 in Invocations
   938 | D:2      | Reached skill level 1 in Long Blades
   938 | D:2      | Reached skill level 1 in Axes
   938 | D:2      | Reached skill level 1 in Maces & Flails
   938 | D:2      | Reached skill level 1 in Polearms
   938 | D:2      | Reached skill level 1 in Staves
   938 | D:2      | Reached skill level 1 in Ranged Weapons
   938 | D:2      | Reached skill level 1 in Armour
   938 | D:2      | Reached skill level 1 in Stealth
   938 | D:2      | Reached skill level 1 in Shields
   938 | D:2      | Reached skill level 1 in Unarmed Combat
   938 | D:2      | Reached skill level 1 in Spellcasting
   938 | D:2      | Reached skill level 1 in Evocations
  1267 | D:2      | Reached skill level 1 in Shapeshifting
  1267 | D:2      | Reached XP level 4. HP: 36/38 MP: 5/5
  1682 | D:3      | Reached skill level 1 in Conjurations
  1682 | D:3      | Reached skill level 1 in Hexes
  1682 | D:3      | Reached skill level 1 in Summonings
  1682 | D:3      | Reached skill level 1 in Necromancy
  1682 | D:3      | Reached skill level 1 in Translocations
  1682 | D:3      | Reached skill level 1 in Fire Magic
  1682 | D:3      | Reached skill level 1 in Ice Magic
  1682 | D:3      | Reached skill level 1 in Air Magic
  1682 | D:3      | Reached skill level 1 in Earth Magic
  1682 | D:3      | Reached skill level 1 in Alchemy
  2012 | D:3      | Found a transporter.
  2014 | D:3      | Noticed middlethird's ghost (amateur VSIE)
  2016 | D:3      | Noticed a centaur
  2036 | D:3      | Found a transporter.
  2228 | D:3      | Reached XP level 5. HP: 21/43 MP: 5/7
  2879 | D:4      | Noticed Natasha
  2892 | D:4      | Killed Natasha
  2962 | D:4      | Reached XP level 6. HP: 5/50 MP: 8/8
  3135 | D:4      | Noticed Natasha
  3155 | D:4      | Killed Natasha
  3213 | D:4      | Reached skill level 5 in Fighting
  3213 | D:4      | Reached skill level 5 in Throwing
  3251 | D:4      | Noticed Natasha
  3258 | D:4      | Found Vach's Antique Armour Emporium.
  3269 | D:4      | Killed Natasha
  3312 | D:4      | Bought a pair of glowing boots for 180 gold pieces
  3600 | D:4      | Identified the +6 hand axe "Apnuguy" {holy, Dex+2}
  3606 | D:4      | Found a sparkling altar of Nemelex Xobeh.
  3606 | D:4      | Found a burning altar of Makhleb.
  3654 | D:4      | Found an ornate altar of the Wu Jian Council.
  3884 | D:5      | Entered Level 5 of the Dungeon
  3913 | D:5      | Reached XP level 7. HP: 17/56 MP: 10/10
  3918 | D:5      | HP: 1/56 [orc priest/nerve-wracking pain (13)]
  4785 | D:5      | Found a blossoming altar of Fedhas.
  5014 | D:5      | Reached XP level 8. HP: 27/63 MP: 12/12
  5592 | D:1      | Bought a potion of heal wounds for 50 gold pieces
  5592 | D:1      | Bought a potion of curing for 30 gold pieces
  5765 | D:5      | Found a staircase to the Ecumenical Temple.
  5958 | D:5      | Found a hazy altar of Hepliaklqana.
  6127 | D:6      | Found an ancient bone altar of Kikubaaqudgha.
  6169 | D:6      | Found Uludiet's General Store.
  7041 | D:7      | Reached XP level 9. HP: 65/69 MP: 14/14
  7130 | D:7      | Found a runed translucent door.
  7131 | D:7      | Noticed Crazy Yiuf
  7142 | D:7      | Killed Crazy Yiuf
  7880 | D:7      | Found a white marble altar of Elyvilon.
  8024 | D:8      | Noticed Joseph
  8182 | D:8      | Reached skill level 5 in Invocations
  8462 | D:8      | Found a stormy altar of Qazlal.
  9033 | D:8      | Reached skill level 5 in Long Blades
  9033 | D:8      | Reached skill level 5 in Axes
  9033 | D:8      | Reached skill level 5 in Maces & Flails
  9033 | D:8      | Reached skill level 5 in Polearms
  9033 | D:8      | Reached skill level 5 in Staves
  9033 | D:8      | Reached skill level 5 in Ranged Weapons
  9033 | D:8      | Reached skill level 5 in Armour
  9033 | D:8      | Reached skill level 5 in Stealth
  9033 | D:8      | Reached skill level 5 in Shields
  9033 | D:8      | Reached skill level 5 in Unarmed Combat
  9033 | D:8      | Reached skill level 5 in Spellcasting
  9033 | D:8      | Reached skill level 5 in Evocations
  9033 | D:8      | Reached XP level 10. HP: 72/77 MP: 17/17
  9060 | D:8      | Noticed a boulder beetle
  9089 | D:8      | Killed Joseph
  9092 | D:8      | Killed a boulder beetle
  9387 | D:8      | Noticed Prince Ribbit
  9405 | D:8      | Killed Prince Ribbit
  9680 | Temple   | Entered the Ecumenical Temple
  9719 | Temple   | Became a worshipper of Gozag Ym Sagoz the Greedy
  9819 | D:9      | Noticed a two-headed ogre
  9828 | D:9      | Noticed a two-headed ogre
  9837 | D:9      | Killed a two-headed ogre
  9838 | D:9      | Reached skill level 5 in Shapeshifting
  9922 | D:9      | Noticed a manticore
 10237 | D:9      | Noticed a cyclops
 11117 | D:9      | Noticed a centaur warrior
 11150 | D:9      | Killed a centaur warrior
 11269 | D:9      | Killed a manticore
 11270 | D:9      | Reached skill level 5 in Conjurations
 11270 | D:9      | Reached skill level 5 in Hexes
 11270 | D:9      | Reached skill level 5 in Summonings
 11270 | D:9      | Reached skill level 5 in Necromancy
 11270 | D:9      | Reached skill level 5 in Translocations
 11270 | D:9      | Reached skill level 5 in Fire Magic
 11270 | D:9      | Reached skill level 5 in Ice Magic
 11270 | D:9      | Reached skill level 5 in Air Magic
 11270 | D:9      | Reached skill level 5 in Earth Magic
 11270 | D:9      | Reached skill level 5 in Alchemy
 11270 | D:9      | Reached XP level 11. HP: 38/85 MP: 20/20
 11521 | D:9      | Found a staircase to the Lair.
 11664 | D:9      | Killed a two-headed ogre
 12105 | D:9      | Killed a cyclops
 12294 | D:9      | Found a staircase to the Orcish Mines.
 12864 | D:9      | Identified the +5 plate armour "Yfocaqotu" {rElec rCorr
                  | Str+3}
 13707 | Lair:1   | Entered Level 1 of the Lair of Beasts
 14533 | Lair:1   | Reached XP level 12. HP: 44/94 MP: 22/22
 14846 | Lair:1   | Noticed Erica
 14867 | Lair:1   | Killed Erica
 15399 | Lair:1   | Found a snail-covered altar of Cheibriados.
 15546 | Lair:1   | Reached skill level 10 in Short Blades
 15546 | Lair:1   | Reached skill level 10 in Dodging
 16509 | D:6      | Bought the +1 helmet "Addasum" {rN+ Int+3 Slay+5 SInv} for
                  | 626 gold pieces
 17971 | Lair:2   | Noticed a four-headed hydra
 17980 | Lair:2   | Killed a one-headed hydra
 19182 | Lair:3   | Noticed a six-headed hydra
 19198 | Lair:3   | Killed a one-headed hydra
 19417 | Lair:3   | Noticed a six-headed hydra
 19427 | Lair:3   | Killed a two-headed hydra
 19428 | Lair:3   | Reached XP level 13. HP: 81/101 MP: 25/25
 19713 | Lair:3   | Found a staircase to the Snake Pit.
 21444 | Lair:4   | Found the +18 shield of the Gong {Loud rN+ Will+ rCorr
                  | EV-5}
 21571 | Lair:4   | Found a staircase to the Slime Pits.
 23124 | D:10     | Entered Level 10 of the Dungeon
 23154 | D:10     | Paralysed by a hornet for 3 turns
 23479 | D:10     | Reached skill level 10 in Fighting
 23479 | D:10     | Reached skill level 10 in Throwing
 24206 | D:10     | Found a hide-covered altar of Uskayaw.
 24419 | D:11     | Found Horawniu's Armour Boutique.
 24442 | D:11     | Bought a +2 cloak of willpower for 258 gold pieces
 24799 | D:11     | Found a glowing silver altar of Zin.
 24944 | D:11     | Found Odivoel's Armour Boutique.
 24996 | D:11     | Bought a +0 leather armour of poison resistance for 90 gold
                  | pieces
 25052 | D:11     | Found Juyvusha's Jewellery Emporium.
 25061 | D:11     | Bought an amulet of guardian spirit for 540 gold pieces
 25679 | D:12     | Reached XP level 14. HP: 85/110 MP: 23/27
 25778 | D:12     | Reached skill level 10 in Invocations
 26884 | D:12     | Found a runed translucent door.
 26884 | D:12     | Noticed Tinen's ghost (journeyman TrMo)
 26885 | D:12     | Found a shimmering altar of Xom.
 27031 | D:13     | Noticed Kirke
 27176 | D:12     | Killed Kirke
 27323 | D:13     | Paralysed by a hornet for 2 turns
 27592 | D:13     | Noticed Rupert
 27638 | D:13     | Found a frozen archway.
 27778 | D:13     | Found Hukooh's Antique Armour Emporium.
 27786 | D:13     | Bought a translucent leather armour for 196 gold pieces
 27786 | D:13     | Identified the +0 leather armour of the Aged Brambles
                  | {Regen+ Stlth+} (You bought it in a shop on level 13 of the
                  | Dungeon)
 28078 | D:14     | Found a burning altar of Makhleb.
 28634 | D:14     | Identified the +8 tower shield of the Skies Above {rN+}
 28757 | D:14     | Found an ornate altar of the Wu Jian Council.
 28873 | D:14     | Found a gate to the Vaults.
 28906 | D:14     | Reached skill level 10 in Long Blades
 28906 | D:14     | Reached skill level 10 in Axes
 28906 | D:14     | Reached skill level 10 in Maces & Flails
 28906 | D:14     | Reached skill level 10 in Polearms
 28906 | D:14     | Reached skill level 10 in Staves
 28906 | D:14     | Reached skill level 10 in Ranged Weapons
 28906 | D:14     | Reached skill level 10 in Armour
 28906 | D:14     | Reached skill level 10 in Stealth
 28906 | D:14     | Reached skill level 10 in Shields
 28906 | D:14     | Reached skill level 10 in Unarmed Combat
 28906 | D:14     | Reached skill level 10 in Spellcasting
 28906 | D:14     | Reached skill level 10 in Evocations
 28925 | D:14     | Reached XP level 15. HP: 61/118 MP: 22/29
 29648 | D:15     | Entered Level 15 of the Dungeon
 29814 | D:15     | Found a staircase to the Depths.
 30006 | D:15     | HP: 5/119 [skeletal warrior/+0 hand axe (1)]
 30021 | D:15     | Found a stormy altar of Qazlal.
 30048 | D:15     | Identified the ring "Tyatwyck" {rF+ SInv}
 30434 | D:15     | Noticed Agnes
 30998 | D:14     | Killed Agnes
 33483 | Orc:1    | Entered Level 1 of the Orcish Mines
 33524 | Orc:1    | Noticed esran's ghost (journeyman TrFi)
 33529 | Orc:1    | Found a runed translucent gate.
 33529 | Orc:1    | Found a runed translucent gate.
 33529 | Orc:1    | Found a runed translucent gate.
 34232 | Orc:1    | Found Bocw's Book Emporium.
 34391 | Orc:2    | Entered Level 2 of the Orcish Mines
 35082 | Orc:2    | Found a staircase to the Elven Halls.
 35180 | Orc:2    | Found Hick's Antique Armour Emporium.
 35182 | Orc:2    | Found Tuat's Antique Weapon Shoppe.
 35191 | Orc:2    | Bought a twisted halberd for 252 gold pieces
 35191 | Orc:2    | Identified the +5 halberd of Sikkourgh {flame, ^Drain Fly
                  | Dex+6 Stlth+} (You bought it in a shop on level 2 of the
                  | Orcish Mines)
 35197 | Orc:2    | Bought a polished scarf for 230 gold pieces
 35197 | Orc:2    | Identified the scarf of the Parsimonious Lion {rC+ rF+,
                  | Fly} (You bought it in a shop on level 2 of the Orcish
                  | Mines)
 35592 | Orc:2    | Noticed an orc warlord
 35938 | Orc:2    | Found Yzosuh's Antique Armour Emporium.
 35943 | Orc:2    | Bought a bloodstained ring mail for 189 gold pieces
 35943 | Orc:2    | Identified the +3 ring mail "Ofioleri" {Will++ Str+4 Int-3
                  | Dex+3} (You bought it in a shop on level 2 of the Orcish
                  | Mines)
 35988 | Orc:2    | Killed an orc warlord
 35989 | Orc:2    | Reached skill level 10 in Shapeshifting
 36031 | Orc:2    | Found Zetecim's Assorted Antiques.
 36036 | Orc:2    | Bought a scroll of fog for 144 gold pieces
 36052 | Orc:2    | Learned a level 3 spell: Vampiric Draining
 36386 | D:11     | Bought a ring of poison resistance for 360 gold pieces
 36715 | Snake:1  | Entered Level 1 of the Snake Pit
 36884 | Snake:1  | Noticed Jorgrun
 36901 | Snake:1  | Killed Jorgrun
 36902 | Snake:1  | Reached XP level 16. HP: 120/127 MP: 24/30
 37455 | Snake:1  | Found a shimmering blue altar of Sif Muna.
 37466 | Snake:1  | Noticed Azrael
 37487 | Snake:1  | Killed Azrael
 37853 | Snake:2  | Learned a level 3 spell: Confusing Touch
 37960 | Snake:2  | Found a bloodstained altar of Trog.
 38576 | Snake:2  | Identified the +4 trident of Prudence {flame, *Rage Int+5
                  | Dex+4 SInv}
 39977 | Snake:3  | Noticed a nagaraja
 39988 | Snake:3  | Killed a nagaraja
 41749 | D:1      | Bought a potion of magic for 80 gold pieces
 41749 | D:1      | Bought a potion of resistance for 100 gold pieces
 41749 | D:1      | Bought a potion of curing for 30 gold pieces
 41749 | D:1      | Bought a potion of curing for 30 gold pieces
 42292 | D:12     | Killed Tinen's ghost
 42578 | Snake:4  | Entered Level 4 of the Snake Pit
 42579 | Snake:4  | Found a large runed translucent door.
 42579 | Snake:4  | Found a large runed translucent door.
 42584 | Snake:4  | Noticed jimmypageman's ghost (adept MiFi)
 42812 | Snake:4  | Noticed a nagaraja
 42861 | Snake:4  | Killed a nagaraja
 43331 | Snake:4  | Reached XP level 17. HP: 126/135 MP: 32/32
 43811 | Snake:4  | Reached skill level 10 in Conjurations
 43811 | Snake:4  | Reached skill level 10 in Hexes
 43811 | Snake:4  | Reached skill level 10 in Summonings
 43811 | Snake:4  | Reached skill level 10 in Necromancy
 43811 | Snake:4  | Reached skill level 10 in Translocations
 43811 | Snake:4  | Reached skill level 10 in Fire Magic
 43811 | Snake:4  | Reached skill level 10 in Ice Magic
 43811 | Snake:4  | Reached skill level 10 in Air Magic
 43811 | Snake:4  | Reached skill level 10 in Earth Magic
 43811 | Snake:4  | Reached skill level 10 in Alchemy
 44347 | Snake:4  | Noticed Vashnia
 44418 | Snake:4  | Killed Vashnia
 45635 | Snake:4  | Got a serpentine rune of Zot
 46025 | Snake:4  | Learned a level 3 spell: Ozocubu's Armour
 46031 | Snake:4  | Learned a level 5 spell: Lee's Rapid Deconstruction
 46036 | Snake:4  | Learned a level 4 spell: Summon Lightning Spire
 46042 | Snake:4  | Learned a level 5 spell: Metabolic Englaciation
 46266 | Shoals:1 | Entered Level 1 of the Shoals
 46318 | Shoals:1 | Identified the +1 leather armour of Prudence {rF++}
 46446 | Shoals:1 | Noticed Roxanne
 46579 | Shoals:1 | Noticed a kraken
 46621 | Shoals:2 | Identified the serpent talisman of the Beloved God {Will-
                  | Str+2 Int+3}
 46621 | Shoals:2 | Noticed Aizul
 46639 | Shoals:2 | Killed Aizul
 47032 | Shoals:2 | Noticed Ilsuiw
 47844 | Shoals:2 | Killed Ilsuiw
 48217 | Shoals:2 | Noticed Nikola
 48872 | Shoals:3 | Found Mihiecyt's General Store.
 48895 | Shoals:3 | Bought a scroll of acquirement for 936 gold pieces
 48895 | Shoals:3 | Acquired the ring "Harhaku" {rPois rF+ Str+3 SInv}
 49257 | Shoals:3 | Found Bufucosk's Specific Store.
 49261 | Shoals:3 | Found Koschot's General Store.
 49266 | Shoals:3 | Bought a scroll of summoning for 152 gold pieces
 49309 | Shoals:3 | Noticed Polyphemus
 49343 | Shoals:2 | Killed Nikola
 49763 | Shoals:2 | Killed Polyphemus
 49764 | Shoals:2 | Reached XP level 18. HP: 83/143 MP: 22/34
 51024 | Shoals:4 | Entered Level 4 of the Shoals
 51086 | Shoals:4 | Identified the amulet "Desimy" {Spirit Rampage rF+ rCorr
                  | Dex+3}
 51502 | Shoals:4 | Learned a level 4 spell: Iskenderun's Mystic Blast
 51507 | Shoals:4 | Learned a level 4 spell: Olgreb's Toxic Radiance
 52607 | Shoals:4 | Identified the +4 lajatang "Jelocyf" {flame, rF- rC+ Str+5
                  | Stlth+}
 53947 | Shoals:4 | Got a barnacled rune of Zot
 54214 | Elf:1    | Entered Level 1 of the Elven Halls
 54278 | Elf:1    | Found a runed translucent gate.
 54278 | Elf:1    | Noticed PaiMei's ghost (adept DsNe)
 54279 | Elf:1    | Found a runed translucent gate.
 54280 | Elf:1    | Found a runed translucent gate.
 54284 | Elf:1    | Identified the +0 dagger of the Morning {pain, Dex+5}
 54341 | Elf:1    | Identified the +6 tower shield of the Amorous Jabberwock
                  | {rElec Dex+4}
 54341 | Elf:1    | Noticed Louise
 54342 | Elf:1    | Killed Louise
 54470 | Elf:1    | Found Rantuumuare's Armour Shop.
 54606 | Elf:1    | Found Xegi's Assorted Antiques.
 54606 | Elf:1    | Found Vaiw's Jewellery Boutique.
 54608 | Elf:1    | Identified the +3 kite shield of the Fife {rPois Int+6
                  | Slay-6 Stlth+}
 54608 | Elf:1    | Noticed Donald
 54609 | Elf:1    | Found Jugix's Book Boutique.
 54628 | Elf:1    | Killed Donald
 54669 | Elf:1    | Bought a scroll of fog for 124 gold pieces
 54669 | Elf:1    | Bought a pair of embroidered gloves for 232 gold pieces
 54814 | Elf:1    | Got the Octavo of Damage
 55054 | Elf:1    | Reached XP level 19. HP: 151/151 MP: 36/36
 55804 | Elf:2    | Found a runed translucent gate.
 55804 | Elf:2    | Noticed a tentacled monstrosity
 55806 | Elf:2    | Found a runed translucent gate.
 55806 | Elf:2    | Found a runed translucent gate.
 55807 | Elf:2    | Noticed a tentacled monstrosity
 55807 | Elf:2    | Noticed a tentacled monstrosity
 55814 | Elf:2    | Noticed a tentacled monstrosity
 55847 | Elf:2    | Paralysed by an air elemental for 1 turns
 55904 | Elf:2    | Found a runed translucent gate.
 55924 | Elf:2    | Found a runed translucent gate.
 55924 | Elf:2    | Found a runed translucent gate.
 56431 | Elf:3    | Entered Level 3 of the Elven Halls
 56455 | Elf:3    | Found Zemeamy's Book Shop.
 57123 | Elf:3    | Identified the ring "Moigh" {Will- rCorr Int+9 Dex-5}
 57574 | Elf:3    | Noticed a Hell Sentinel
 57587 | Elf:3    | Noticed a Hell Sentinel
 57782 | Elf:3    | Identified the +2 leather armour of Thoughtfulness {Fly
                  | rC++}
 58021 | Elf:3    | Noticed an Ice Fiend
 58029 | Elf:3    | Reached skill level 15 in Short Blades
 58029 | Elf:3    | Reached skill level 15 in Dodging
 58367 | Elf:3    | Identified the ring "Pami" {rF+ Str+6 Int+2 Slay-3 SInv}
 58540 | Elf:3    | Identified the +9 sling "Hetod" {freeze, rF+ rN+ Str+2}
 58551 | Elf:3    | Got the Catalogue of Cryomancy and the Catalyst
 58565 | Elf:3    | Got the Cyclopedia of Composition and Feathers
 58571 | Elf:3    | Identified the staff "Heiskass" {rF+ Int+5 Dex-4 Conj Fire
                  | Earth}
 58657 | Elf:3    | Learned a level 5 spell: Summon Forest
 59312 | Vaults:1 | Entered Level 1 of the Vaults
 59507 | Vaults:1 | Found a runed translucent gate.
 59507 | Vaults:1 | Found a runed translucent gate.
 59507 | Vaults:1 | Found a runed translucent gate.
 59507 | Vaults:1 | Noticed deprived's ghost (veteran HOFi)
 59510 | Vaults:1 | Found a viscous altar of Jiyva.
 59662 | Vaults:1 | Reached skill level 15 in Invocations
 60607 | Vaults:1 | Reached XP level 20. HP: 125/160 MP: 29/37
 60708 | Vaults:1 | You are sucked into a shaft and drop 1 floor!
 60735 | Vaults:2 | Found a staircase to the Crypt.
 60735 | Vaults:2 | Found a basalt altar of Yredelemnul.
 60735 | Vaults:2 | Found an ancient bone altar of Kikubaaqudgha.
 62593 | Vaults:2 | Paralysed by a formless jellyfish for 1 turns
 62597 | Vaults:2 | Paralysed by a formless jellyfish for 1 turns
 62914 | Vaults:2 | Found Ubiytabbo's Assorted Antiques.
 62921 | Vaults:2 | Bought a wavering copper ring for 185 gold pieces
 62921 | Vaults:2 | Identified the ring "Keaxied" {rF+ Will+ Slay+3} (You
                  | bought it in a shop on level 2 of the Vaults)
 63013 | Vaults:2 | Learned a level 5 spell: Fireball
 63195 | Vaults:2 | Reached skill level 15 in Fighting
 63195 | Vaults:2 | Reached skill level 15 in Throwing
 64171 | Vaults:3 | Reached XP level 21. HP: 133/168 MP: 35/39
 64834 | Vaults:3 | Noticed a golden dragon
 64834 | Vaults:3 | Identified the amulet of Ekaonlif {RegenMP Str-4 Int+3
                  | Dex+3 Stlth+}
 64844 | Vaults:3 | Identified the +1 robe of Hedonism {Int+3}
 64868 | Vaults:3 | Killed a golden dragon
 64970 | Vaults:3 | Identified the staff of Experimentation {rElec rPois Str+3
                  | Int-4 Dex+2 Air}
 65005 | Vaults:3 | Identified the +0 pair of gloves "Ontoq" {rElec Stlth+}
 65764 | Vaults:4 | Reached skill level 15 in Long Blades
 65764 | Vaults:4 | Reached skill level 15 in Axes
 65764 | Vaults:4 | Reached skill level 15 in Maces & Flails
 65764 | Vaults:4 | Reached skill level 15 in Polearms
 65764 | Vaults:4 | Reached skill level 15 in Staves
 65764 | Vaults:4 | Reached skill level 15 in Ranged Weapons
 65764 | Vaults:4 | Reached skill level 15 in Armour
 65764 | Vaults:4 | Reached skill level 15 in Stealth
 65764 | Vaults:4 | Reached skill level 15 in Shields
 65764 | Vaults:4 | Reached skill level 15 in Unarmed Combat
 65764 | Vaults:4 | Reached skill level 15 in Spellcasting
 65764 | Vaults:4 | Reached skill level 15 in Evocations
 66216 | Vaults:4 | Noticed Sojobo
 66232 | Vaults:4 | Killed Sojobo
 66765 | Vaults:4 | Identified the +0 hat of Imoggemu {+Blink Slay+2}
 66774 | Vaults:4 | Found a radiant altar of Vehumet.
 66784 | Vaults:4 | Identified the +1 hat of the Last Riding Suns {Slay+5}
 66908 | Vaults:4 | Noticed Zenata
 67342 | Vaults:4 | Killed Zenata
 67876 | Vaults:4 | Reached XP level 22. HP: 177/177 MP: 41/41
 68095 | Vaults:4 | Acquired 821 gold pieces
 68477 | D:3      | Killed middlethird's ghost
 68732 | D:13     | Killed Rupert
 68978 | Shoals:1 | Killed Roxanne
 69464 | Shoals:1 | Noticed case's ghost (adept MiBe)
 69497 | Shoals:1 | Found a bloodstained altar of Trog.
 69525 | Shoals:1 | Reached XP level 23. HP: 184/184 MP: 42/42
 69526 | Shoals:1 | Found a transporter.
 69528 | Shoals:1 | Found a transporter.
 69582 | Shoals:1 | Killed case's ghost
 70476 | Orc:1    | Killed esran's ghost
 70866 | Vaults:5 | Entered Level 5 of the Vaults
 70872 | Vaults:5 | Noticed Bai Suzhen
 71897 | Vaults:5 | Noticed a golden dragon
 71897 | Vaults:5 | Noticed a dread lich
 71932 | Vaults:5 | Killed a dread lich
 72018 | Vaults:5 | Identified the staff "Qequru" {*Corrode rN+ Str+2 Int+4
                  | Necro Earth}
 72046 | Vaults:5 | Found Soese's Distillery.
 72062 | Vaults:5 | Killed a golden dragon
 72150 | Vaults:5 | Bought 2 potions of curing for 144 gold pieces
 72150 | Vaults:5 | Bought a potion of cancellation for 192 gold pieces
 72150 | Vaults:5 | Bought 2 potions of curing for 144 gold pieces
 72150 | Vaults:5 | Bought 2 potions of curing for 144 gold pieces
 72150 | Vaults:5 | Bought a potion of curing for 72 gold pieces
 72344 | Vaults:5 | Found Dewompag's Assorted Antiques.
 72354 | Vaults:5 | Bought a slimy platinum ring for 190 gold pieces
 72354 | Vaults:5 | Identified the ring "Ofuoxu" {rC+ MP+9} (You bought it in a
                  | shop on level 5 of the Vaults)
 72354 | Vaults:5 | Bought a potion of haste for 380 gold pieces
 72405 | Vaults:5 | Got More Wizardry
 72687 | Vaults:5 | Identified the ring "Waih" {Str+2 Int+6}
 72687 | Vaults:5 | Noticed Mara
 72691 | Vaults:5 | Noticed Zonian's illusion
 72821 | Vaults:5 | Killed Bai Suzhen
 73136 | Vaults:5 | Identified the +7 quick blade "Eqoe" {freeze, Dex+4}
 73279 | Vaults:5 | Found the +0 mask of the Dragon {Will+ Slay+3 SInv}
 73304 | Vaults:5 | Identified the +6 plate armour of Beyond {Int+5}
 73326 | Vaults:5 | Noticed a dread lich
 73348 | Vaults:5 | Killed a dread lich
 73376 | Vaults:5 | Got a silver rune of Zot
 73498 | Vaults:5 | Noticed Zonian's illusion
 73499 | Vaults:5 | Killed Mara
 74445 | Vaults:5 | Identified the +1 plate armour "Tuextar" {Slay+6}
 75463 | Depths:1 | Entered Level 1 of the Depths
 76181 | D:15     | Reached XP level 24. HP: 184/193 MP: 42/43
 76265 | Depths:1 | Found a corrupted altar of Lugonu.
 76265 | Depths:1 | Found a one-way gate to the infinite horrors of the Abyss.
 76333 | Depths:1 | Found a transporter.
 76338 | Depths:1 | Found a transporter.
 76338 | Depths:1 | Noticed Gemnonof's ghost (adept DgCj)
 76348 | Depths:1 | Learned a level 3 spell: Swiftness
 76353 | Depths:1 | Learned a level 4 spell: Airstrike
 76557 | Depths:1 | Found an iron altar of Okawaru.
 76794 | Depths:1 | Found a gateway to Hell.
 76801 | Depths:1 | Identified the +0 scimitar of Zin's Favour {elec, rElec rF+
                  | Dex+3 Stlth+}
 77425 | Depths:2 | Reached skill level 15 in Shapeshifting
 77433 | Depths:2 | Found a one-way gate leading to the halls of Pandemonium.
 77492 | Depths:2 | Found a runed translucent gate.
 77499 | Depths:2 | Found a runed translucent gate.
 77499 | Depths:2 | Found a runed translucent gate.
 77942 | Depths:2 | Got the +6 demon trident of Grandeur {elec, Str+4 Dex+3}
 78068 | Depths:2 | Found an opulent altar of Gozag.
 78071 | Depths:2 | Found Capresoxt's Assorted Antiques.
 78071 | Depths:2 | Noticed convarich's ghost (veteran MfMo)
 78120 | Depths:2 | Killed convarich's ghost
 78202 | Depths:2 | Bought a potion of heal wounds for 185 gold pieces
 78523 | Depths:2 | Found a sacrificial altar of Ru.
 80345 | Depths:4 | Entered Level 4 of the Depths
 80345 | Depths:4 | Found a one-way gateway to a ziggurat.
 80954 | Depths:4 | Reached XP level 25. HP: 190/201 MP: 41/43
 81599 | Depths:4 | Found a gate to the Realm of Zot.
 81636 | Depths:4 | Found Nuypp's Weapon Shop.
 81898 | Crypt:1  | Entered Level 1 of the Crypt
 83324 | Crypt:1  | Found an ancient bone altar of Kikubaaqudgha.
 83516 | Crypt:2  | Identified the +1 robe of Tenacity {-Tele MP+9 Int+2}
 83534 | Crypt:2  | Identified the +1 robe of Tilom {Regen+ Dex+2 SInv}
 85136 | Crypt:3  | Entered Level 3 of the Crypt
 85466 | Crypt:3  | Found a staircase to the Tomb.
 85571 | Crypt:3  | Noticed Margery
 85624 | Crypt:3  | Killed Margery
 85939 | Crypt:3  | Found a basalt altar of Yredelemnul.
 85939 | Crypt:3  | Noticed an ancient lich
 85943 | Crypt:3  | Killed an ancient lich
 85993 | Crypt:3  | Identified the +1 ring mail "Nusuid" {rPois Int+3}
 86148 | Crypt:3  | Reached XP level 26. HP: 211/211 MP: 44/44
 86448 | Crypt:3  | Identified the +1 shortbow "Zokhlis" {speed, Dex+3}
 86998 | Crypt:3  | Learned a level 6 spell: Dispersal
 87005 | Crypt:3  | Learned a level 6 spell: Plasma Beam
 87407 | Slime:1  | Entered Level 1 of the Pits of Slime
 87717 | Slime:2  | Reached skill level 15 in Conjurations
 87717 | Slime:2  | Reached skill level 15 in Hexes
 87717 | Slime:2  | Reached skill level 15 in Summonings
 87717 | Slime:2  | Reached skill level 15 in Necromancy
 87717 | Slime:2  | Reached skill level 15 in Translocations
 87717 | Slime:2  | Reached skill level 15 in Fire Magic
 87717 | Slime:2  | Reached skill level 15 in Ice Magic
 87717 | Slime:2  | Reached skill level 15 in Air Magic
 87717 | Slime:2  | Reached skill level 15 in Earth Magic
 87717 | Slime:2  | Reached skill level 15 in Alchemy
 88408 | Slime:5  | Entered Level 5 of the Pits of Slime
 88637 | Slime:5  | Gained mutation: Your magical capacity is low. (-10% MP) [a
                  | shining eye]
 88638 | Slime:5  | Gained mutation: Your magical capacity is very low. (-20%
                  | MP) [a shining eye]
 88810 | Slime:5  | Gained mutation: You occasionally shout uncontrollably at
                  | your foes. [a shining eye]
 88845 | Slime:5  | Noticed the Royal Jelly
 88858 | Slime:5  | Killed the Royal Jelly
 89224 | Slime:5  | Identified the staff of the Exceptional God {Str+6 Conj}
 89272 | Slime:5  | Identified the +7 short sword of Mokumiapp {freeze, rN+
                  | Dex+3}
 89499 | Slime:5  | Got a slimy rune of Zot
 89510 | Slime:5  | Identified the +10 quarterstaff of Eternal Harmony {speed,
                  | ^Drain rC- Dex+5 Stlth+}
 89796 | Slime:5  | Gained mutation: Your magical capacity is extremely low.
                  | (-30% MP) [a shining eye]
 89797 | Slime:5  | Gained mutation: Your spells are a little easier to cast,
                  | but a little less powerful. [a shining eye]
 90676 | Slime:1  | Gained mutation: You frequently scream uncontrollably at
                  | your foes. [a shining eye]
 90910 | Lair:4   | Lost mutation: Your magical capacity is extremely low.
                  | (-30% MP) [potion of mutation]
 90910 | Lair:4   | Lost mutation: You frequently scream uncontrollably at your
                  | foes. [potion of mutation]
 90911 | Lair:4   | Lost mutation: You occasionally shout uncontrollably at
                  | your foes. [potion of mutation]
 90911 | Lair:4   | Lost mutation: Your spells are a little easier to cast, but
                  | a little less powerful. [potion of mutation]
 90911 | Lair:4   | Gained mutation: Your body sometimes deteriorates upon
                  | taking damage. [potion of mutation]
 90911 | Lair:4   | Gained mutation: You are agile. (Dex +4, Str/Int -1)
                  | [potion of mutation]
 90911 | Lair:4   | Gained mutation: Your magical capacity is extremely low.
                  | (-30% MP) [potion of mutation]
 90912 | Lair:4   | Lost mutation: Your body sometimes deteriorates upon taking
                  | damage. [potion of mutation]
 90912 | Lair:4   | Lost mutation: Your magical capacity is extremely low.
                  | (-30% MP) [potion of mutation]
 90912 | Lair:4   | Gained mutation: You possess an exceptional clarity of
                  | mind. [potion of mutation]
 91317 | Hell     | Entered the Vestibule of Hell
 91323 | Hell     | Noticed Geryon
 91881 | Elf:1    | Bought a book of Touch for 220 gold pieces
 91887 | Elf:1    | Learned a level 4 spell: Dispel Undead
 92274 | Vaults:5 | Bought a scroll of silence for 361 gold pieces
 92274 | Vaults:5 | Bought a potion of resistance for 380 gold pieces
 92658 | Orc:2    | Bought a bloodstained troll leather armour for 420 gold
                  | pieces
 92658 | Orc:2    | Identified the +2 troll leather armour "Ziroa" {Regen+
                  | Str-4 Dex-3 SInv Stlth+} (You bought it in a shop on level
                  | 2 of the Orcish Mines)
 94720 | Depths:1 | Gained mutation: You occasionally lose the ability to read
                  | scrolls when taking damage. [a cacodemon]
 95188 | Hell     | Killed Geryon
 96501 | Hell     | Found a gateway to the freezing wastes of Cocytus.
 96519 | Hell     | Reached XP level 27. HP: 204/219 MP: 35/36
 96619 | Hell     | Found a gateway to the decaying netherworld of Tartarus.
 96723 | Hell     | Found a gateway to the Iron City of Dis.
 96807 | Hell     | Found a gateway to the ashen valley of Gehenna.
 97085 | Zot:1    | Entered Level 1 of the Realm of Zot
 97430 | Zot:1    | Noticed Parghit
 97438 | Zot:1    | Killed Parghit
 97572 | Zot:1    | Identified the ring "Wiohe" {Ice rElec rPois Str+3 Dex+2}
 97572 | Zot:1    | Noticed Josephina
 97601 | Zot:1    | Killed Josephina
101426 | Zot:1    | Lost mutation: You are agile. (Dex +4, Str/Int -1) [potion
                  | of mutation]
101426 | Zot:1    | Lost mutation: Your magical capacity is very low. (-20% MP)
                  | [potion of mutation]
101426 | Zot:1    | Gained mutation: You are frail. (-10% HP) [potion of
                  | mutation]
101426 | Zot:1    | Gained mutation: Your magical capacity is very low. (-20%
                  | MP) [potion of mutation]
101625 | D:13     | Lost mutation: Your magical capacity is very low. (-20% MP)
                  | [potion of mutation]
101625 | D:13     | Lost mutation: You occasionally lose the ability to read
                  | scrolls when taking damage. [potion of mutation]
101625 | D:13     | Lost mutation: You are frail. (-10% HP) [potion of
                  | mutation]
101625 | D:13     | Gained mutation: Armour fits poorly on your strangely
                  | shaped body. [potion of mutation]
101625 | D:13     | Gained mutation: Your muscles are strong. (Str +4, Int/Dex
                  | -1) [potion of mutation]
101625 | D:13     | Gained mutation: Your spells are a little easier to cast,
                  | but a little less powerful. [potion of mutation]
101626 | D:13     | Lost mutation: Your spells are a little easier to cast, but
                  | a little less powerful. [potion of mutation]
101626 | D:13     | Lost mutation: You possess an exceptional clarity of mind.
                  | [potion of mutation]
101626 | D:13     | Lost mutation: Your muscles are strong. (Str +4, Int/Dex
                  | -1) [potion of mutation]
101626 | D:13     | Gained mutation: Your muscles are strong. (Str +4, Int/Dex
                  | -1) [potion of mutation]
101626 | D:13     | Gained mutation: You expend magic power (3 MP) to
                  | strengthen your wands. [potion of mutation]
101626 | D:13     | Gained mutation: Your muscles are very strong. (Str +8,
                  | Int/Dex -2) [potion of mutation]
101668 | D:13     | Bought a scroll of blinking for 322 gold pieces
101668 | D:13     | Bought a scorched long sword for 365 gold pieces
101668 | D:13     | Identified the +5 long sword "Coloesips" {elec, rElec Int+3
                  | SInv Stlth-} (You bought it in a shop on level 13 of the
                  | Dungeon)
101875 | Zot:3    | Noticed an orb of fire
101877 | Zot:3    | Lost mutation: Your muscles are very strong. (Str +8,
                  | Int/Dex -2) [an orb of fire]
102024 | Zot:2    | Gained mutation: You have hidden genetic potential. [an orb
                  | of fire]
102025 | Zot:2    | Gained mutation: You occasionally shout uncontrollably at
                  | your foes. [an orb of fire]
102033 | Zot:2    | Gained mutation: Your health recovers twice as slowly from
                  | being drained. [an orb of fire]
102034 | Zot:2    | Gained mutation: You occasionally lose the ability to read
                  | scrolls when taking damage. [an orb of fire]
102043 | Zot:2    | Lost mutation: Your muscles are strong. (Str +4, Int/Dex
                  | -1) [an orb of fire]
102048 | Zot:2    | Gained mutation: Your magical capacity is very low. (-20%
                  | MP) [an orb of fire]
102049 | Zot:2    | Gained mutation: You frequently scream uncontrollably at
                  | your foes. [an orb of fire]
102051 | Zot:2    | Gained mutation: You do not regenerate when monsters are
                  | visible. [an orb of fire]
102052 | Zot:2    | Killed an orb of fire
102575 | Orc:2    | Bought a potion of mutation for 288 gold pieces
102575 | Orc:2    | Lost mutation: You do not regenerate when monsters are
                  | visible. [potion of mutation]
102575 | Orc:2    | Lost mutation: Your magical capacity is very low. (-20% MP)
                  | [potion of mutation]
102575 | Orc:2    | Lost mutation: You have hidden genetic potential. [potion
                  | of mutation]
102575 | Orc:2    | Gained mutation: Your magical capacity is very low. (-20%
                  | MP) [potion of mutation]
103237 | Elf:2    | Found a runed translucent gate.
103237 | Elf:2    | Found a runed translucent gate.
103244 | Elf:2    | Found a runed translucent gate.
103244 | Elf:2    | Noticed Charlie33ad's ghost (adept MiCK)
103479 | Elf:2    | Lost mutation: Your magical capacity is very low. (-20% MP)
                  | [potion of mutation]
103479 | Elf:2    | Lost mutation: You occasionally lose the ability to read
                  | scrolls when taking damage. [potion of mutation]
103479 | Elf:2    | Lost mutation: Your health recovers twice as slowly from
                  | being drained. [potion of mutation]
103479 | Elf:2    | Gained mutation: You have a pair of small horns on your
                  | head. [potion of mutation]
103487 | Elf:2    | Lost mutation: You frequently scream uncontrollably at your
                  | foes. [potion of mutation]
103487 | Elf:2    | Lost mutation: You have a pair of small horns on your head.
                  | [potion of mutation]
103487 | Elf:2    | Gained mutation: Your muscles are strong. (Str +4, Int/Dex
                  | -1) [potion of mutation]
103487 | Elf:2    | Gained mutation: Your mind is acute. (Int +4, Str/Dex -1)
                  | [potion of mutation]
103487 | Elf:2    | Lost mutation: Your mind is acute. (Int +4, Str/Dex -1)
                  | [potion of mutation]
103487 | Elf:2    | Gained mutation: You are robust. (+10% HP) [potion of
                  | mutation]
103545 | Elf:2    | Killed Charlie33ad's ghost
105955 | Elf:2    | Identified the +0 hat "Ummude" {Str+2}
107146 | Zot:3    | Noticed a dread lich
107148 | Zot:3    | Noticed a dread lich
107168 | Zot:3    | Killed a dread lich
107183 | Zot:3    | Noticed a dread lich
107184 | Zot:3    | Killed a dread lich
107189 | Zot:3    | Noticed a dread lich
107194 | Zot:3    | Killed a dread lich
107195 | Zot:3    | Noticed a dread lich
107218 | Zot:2    | Killed a dread lich
107560 | Zot:3    | Noticed a dread lich
107568 | Zot:2    | Killed a dread lich
107713 | Zot:2    | Killed a dread lich
108317 | Zot:3    | Identified the +2 pair of boots "Ejaohete" {+Blink rN+
                  | Will- rCorr}
109494 | Zot:4    | Acquired 834 gold pieces
109884 | Zig:1    | Entered Level 1 of a ziggurat
109884 | Zig:1    | Noticed Bunk the pandemonium lord
109895 | Zig:1    | Killed Bunk the pandemonium lord
109906 | Zig:2    | Entered Level 2 of a ziggurat
109934 | Zig:3    | Entered Level 3 of a ziggurat
109942 | Zig:3    | Paralysed by a jorogumo for 1 turns
110258 | Zig:4    | Entered Level 4 of a ziggurat
110402 | Zig:5    | Entered Level 5 of a ziggurat
110455 | Zig:5    | Identified the +8 great sword "Izxi" {venom, rF+ Str+2}
110456 | Zig:5    | Identified the +2 robe "Wunaudat" {Regen+}
110477 | Zig:6    | Entered Level 6 of a ziggurat
110504 | Zig:6    | Found the +8 frozen axe "Frostbite" {freeze, freezing
                  | cloud, *Noise Fly rC+}
110522 | Zig:6    | Identified the +4 dire flail of Disintegration {heavy,
                  | Int+3 Dex+3}
110530 | Zig:6    | Identified the +0 leather armour of the Past {rN+ rCorr
                  | Str+4}
110775 | Zig:7    | Entered Level 7 of a ziggurat
111335 | Zig:8    | Entered Level 8 of a ziggurat
111349 | Zig:8    | Paralysed by accursed screaming for 1 turns
111769 | Zig:8    | Identified the +1 leather armour "Bidaar" {Rampage rF+ rC+}
111972 | Zot:5    | Entered Level 5 of the Realm of Zot
112688 | Zot:5    | Noticed an orb of fire
112760 | Zot:5    | Noticed an orb of fire
112814 | Zot:5    | Got the Orb of Zot
112970 | Zot:1    | Noticed Plog the pandemonium lord
112977 | Zot:1    | Killed Plog the pandemonium lord
113062 | Depths:3 | Identified the +2 buckler of the Aged Knaves {Will+ Dex+3
                  | Slay+3 Stlth+}
113469 | D:$      | Escaped with the Orb!

Illustrated notes

Levels and vault maps discovered:
D:1:      giann_wishing_wells, layout_loops_ring, serial_shops, shop
D:2:      layout_basic, minivault_4
D:3:      layout_basic, gammafunk_ghost_arena
D:4:      layout_gridville, grunt_temple_overflow_open, kennysheep_little_box,
          serial_shops, kennysheep_mini_moat, uniq_natasha
D:5:      layout_basic, nzn_hepliaklqana_mist_gate, fedhas_ov_isle_minmay,
          minmay_temple_entry_trees
D:6:      layout_cave_pools, mainiacjoe_overflow_brackets, serial_shops,
          nicolae_shop_tiny_statue_garden
D:7:      layout_loops_ring, marbit_many_paths, uniq_crazy_yiuf_cottage
D:8:      layout_gridville, lemuel_crystal_altar, uniq_joseph,
          uniq_prince_ribbit1
D:9:      minmay_bloctagon_deflated, layout_loops_ring, minmay_lair_entry_grove
D:10:     layout_stronghold, nicolae_uskayaw_dance_studio, minmay_liquid_box,
          minmay_circle_x
D:11:     layout_long_grid, serial_shops, nicolae_shop_tiny_glass, shop, shop,
          gauntlet_entry_generic, amcnicky_mini_corridor_feature, zin_academy
D:12:     layout_small_grid, ebering_ghost_xom
D:13:     layout_rooms, serial_shops, nicolae_shop_just_a_little_nook,
          portal_ice_cave_entry_pillars_2, minmay_checkerbox, uniq_kirke,
          uniq_rupert
D:14:     layout_long_grid, erik_vaults_2, nzn_wu_jian_council_hall,
          bloody_makhleb
D:15:     hellmonk_depths_entry_around_the_bend, layout_cave_pools,
          nicolae_hexahallways, glass_columns_b,
          nicolae_qazlal_general_emergency, uniq_agnes
Temple:   cyrus_circular_temple
Lair:1:   layout_small_grid, kennysheep_snail_temple, grunt_megastairs_2,
          lemuel_fruit_fields, infiniplex_staircase_pool, uniq_erica
Lair:2:   layout_regular_city, grunt_megastairs_3
Lair:3:   layout_concentric_octagons, nicolae_shoals_entry_flooding,
          guppyfry_snake_entry_island, lemuel_fruit_fields
Lair:4:   layout_layer_cave, nicolae_slime_entry_slimehenge,
          kilobyte_rumbling_trees
Shoals:1: layout_shoals, gammafunk_ghost_wrathful_warriors, uniq_roxanne
Shoals:2: layout_shoals, nicolae_shoals_undead_eyrie, uniq_ilsuiw, uniq_aizul,
          uniq_nikola
Shoals:3: layout_shoals, serial_shops, shop, nicolae_shoals_cliffside_cave,
          nicolae_specific_store, ldierk_geyser, uniq_polyphemus
Shoals:4: shoals_end_hangedman, layout_shoals
Snake:1:  layout_misc_corridors, basic_altar, nicolae_triple_integral,
          uniq_azrael, uniq_jorgrun
Snake:2:  layout_chambers, basic_altar
Snake:3:  layout_honeycomb, nicolae_snake_gridmaze_zigzag
Snake:4:  minmay_snake_end_coiled, layout_rooms, ebering_ghost_disaster_area,
          uniq_vashnia
Slime:1:  layout_caves, cheibrodos_slime_lost_civilization_6
Slime:2:  cheibrodos_slime_lost_civilization_3, layout_caves,
          nicolae_slime_rock_hall_of_fame
Slime:3:  layout_caves
Slime:4:  cheibrodos_slime_lost_civilization_8, layout_caves
Slime:5:  slime_pit_nicolae_block_by_block
Orc:1:    layout_diamond_mine, serial_shops, shop, gammafunk_ghost_split,
          mines2_lemuel
Orc:2:    grunt_orc_community_town_hall, layout_caves,
          grunt_orc_community_big_house_2, grunt_orc_community_big_house_2,
          grunt_orc_community_house_3, grunt_orc_community_house_1,
          grunt_orc_community_house_1, grunt_orc_community_house_2,
          grunt_orc_community_house_2, grunt_orc_community_house_1, basic_altar,
          david_defended_altar_orc
Elf:1:    elf_arrival_002, layout_geoelf_grid, gammafunk_ghost_split,
          minmay_elf_annihilation, minmay_shoptagon, uniq_louise, uniq_donald
Elf:2:    nicolae_elf_blades_splatter_lattice
          [nicolae_blade_entry_diamond_columns], layout_loops_cross,
          ploomutoo_gammafunk_ghost_potion_laboratory
Elf:3:    grunt_elf_hall_asides, layout_loops_cross, serial_shops, shop
Vaults:1: gammafunk_ghost_ooze, hangedman_vaults_impose,
          nicolae_vaults_variable_pillar_hall, vaults_standard_mumra_lines,
          ontoclasm_vaults_ligature, nicolae_vaults_tetromino_Z_2, st_cells,
          nicolae_vaults_tetromino_Z_1, layout_vaults_omnigrid
Vaults:2: v_rooms_3, nicolae_vaults_tetromino_L_1, nicolae_vaults_display_case,
          vaults_room_fancy_cross, nicolae_vaults_storage_room_water,
          nicolae_vaults_twisting_passages, vaults_mumra_hex,
          vaults_mumra_minichess_inversion, ontoclasm_vaults_spin,
          nicolae_vaults_tetromino_T_1, layout_vaults_chaotic_city,
          minmay_crypt_entry_necro_gods, serial_shops, nicolae_shop_dealshenge
Vaults:3: v_misc_30, st_greater_box_4, nicolae_vaults_storage_closets_1,
          nicolae_vaults_storage_room_doors, nicolae_vaults_oval_intersection,
          v_misc_27, v_misc_28, v_misc_33, hangedman_vaults_variations,
          layout_vaults_maze_bifur
Vaults:4: nicolae_vaults_network_periphery, nicolae_vaults_storage_room_glass,
          ontoclasm_vaults_misaligned, grunt_tower_of_power,
          nicolae_vaults_mini_display_case, hangedman_vaults_river_flow,
          vaults_room_fancy_cross, nicolae_vaults_closet_pinwheel_1,
          vaults_room_hallway, ontoclasm_vaults_ring_small,
          hangedman_vaults_capsules, v_misc_1, v_misc_15,
          nicolae_vaults_asterisk, layout_vaults_omnibox, uniq_sojobo,
          uniq_zenata
Vaults:5: uniq_mara, uniq_bai_suzhen
Crypt:1:  layout_misc_corridors, lemuel_upstairs_altar,
          grunt_crypt_arrival_split
Crypt:2:  hangedman_hall_of_fallen_heroes, layout_misc_corridors,
          beargit_elvish_explorers
Crypt:3:  cryptofortress_bobbens, uniq_margery
Depths:1: layout_twisted_cross, grunt_mini_vestibule,
          hellmonk_okawaru_the_only_friend_you_need, gammafunk_ghost_mausoleum,
          amcnicky_altar_lugonu_corruption
Depths:2: minmay_shoctagon, layout_basic, ebering_ghost_gozag,
          hangedman_coc_ice_floe, grunt_pan_entry_in_and_out,
          nicolae_ru_sacrificial_ziggurat, minmay_misc_feat_chi,
          minmay_staircase_windowed_small
Depths:3: kennysheep_four_of_diamonds, layout_cave_shapes,
          serial_bayou_lagoon_a, abyss_entry, hell_entry
Depths:4: evilmike_zot_entry_hall, layout_cave_pools, enter_ziggurat_d,
          pan_entry, abyss_entry_small_statue_room, hell_entry, serial_shops,
          nicolae_shop_bloodbath_and_beyond
Hell
Zot:1:    layout_onion_interference, drop_trap, uniq_josephina, uniq_parghit
Zot:2:    lemuel_draconian_sentries, layout_cathedral_of_symmetry,
          regret_index_zot_stipple_split
Zot:3:    hellmonk_paralyzer, layout_misc_corridors,
          regret_index_zotdec_silver_v_v_orig_slice
Zot:4:    layout_misc_corridors
Zot:5:    layout_cellular_growth, st_stairs_10

Skill      XL: |  1  2  3  4  5  6  7  8  9 10 11 12 13 14 15 16 17 18 19 20 21 22 23 24 25 26 27 |
---------------+----------------------------------------------------------------------------------+-----
Invocations    | 1 2 3 4 5 6 7 8 9 10 11 12 13 14 15 16 17 18 19 21 | 21.2
Long Blades    | 1 2 3 5 6 7 8 9 10 11 12 13 14 15 16 17 18 19 | 19.6
Axes           | 1 2 3 5 6 7 8 9 10 11 12 13 14 15 16 17 18 19 | 19.6
Maces & Flails | 1 2 3 5 6 7 8 9 10 11 12 13 14 15 16 17 18 20 22 | 22.6
Polearms       | 1 2 3 5 6 7 8 9 10 11 12 13 14 15 16 17 18 19 | 19.6
Staves         | 1 2 3 5 6 7 8 9 10 11 12 13 14 15 16 17 18 19 | 19.6
Ranged Weapons | 1 2 3 5 6 7 8 9 10 11 12 13 14 15 16 17 18 19 | 19.6
Armour         | 1 2 3 5 6 7 8 9 10 11 12 13 14 15 16 17 18 19 | 19.6
Stealth        | 1 2 3 5 6 7 8 9 10 11 12 13 14 15 16 17 19 20 22 | 22.8
Shields        | 1 2 3 5 6 7 8 9 10 11 12 13 14 15 16 17 18 19 | 19.6
Unarmed Combat | 1 2 3 5 6 7 8 9 10 11 12 13 14 15 16 17 18 19 | 19.6
Spellcasting   | 1 2 3 5 6 7 8 9 10 11 12 13 14 15 16 17 18 19 | 19.6
Evocations     | 1 2 3 5 6 7 8 9 10 11 12 13 14 15 16 17 18 19 | 19.6
Shapeshifting  | 1 2 3 4 5 6 7 8 9 10 11 12 13 14 15 16 18 | 18.2
Conjurations   | 1 2 3 4 5 6 7 8 9 10 11 12 13 14 15 16 | 16.8
Hexes          | 1 2 3 4 5 6 7 8 9 10 11 12 13 14 15 16 | 16.8
Summonings     | 1 2 3 4 5 6 7 8 9 10 11 12 13 14 15 16 | 16.8
Necromancy     | 1 2 3 4 5 6 7 8 9 10 11 12 13 14 15 16 | 16.8
Translocations | 1 2 3 4 5 6 7 8 9 10 11 12 13 14 15 16 | 16.8
Fire Magic     | 1 2 3 4 5 6 7 8 9 10 11 12 13 14 15 16 | 16.8
Ice Magic      | 1 2 3 4 5 6 7 8 9 10 11 12 13 14 15 16 | 16.8
Air Magic      | 1 2 3 4 5 6 7 8 9 10 11 12 13 14 15 16 | 16.8
Earth Magic    | 1 2 3 4 5 6 7 8 9 10 11 12 13 14 15 16 | 16.8
Alchemy        | 1 2 3 4 5 6 7 8 9 10 11 12 13 14 15 16 | 16.8
Fighting       | 5 6 7 8 9 10 11 12 13 14 15 16 17 18 20 | 20.1
Throwing       | 5 6 7 8 9 10 11 12 13 14 15 16 17 18 19 21 | 21.6
Short Blades   | 7 8 9 10 11 12 13 14 15 16 17 18 19 20 22 | 22.9
Dodging        | 7 8 9 10 11 12 13 14 15 16 17 18 19 20 | 20.5

Action                     |  1- 3 |  4- 6 |  7- 9 | 10-12 | 13-15 | 16-18 | 19-21 | 22-24 | 25-27 || total
---------------------------+-------+-------+-------+-------+-------+-------+-------+-------+-------++-------
  Melee: Rapier            |   119 |   221 |    75 |       |       |   761 |   566 |       |       ||  1742
         Bite              |    14 |    20 |    46 |   182 |   247 |   346 |   406 |   312 |   760 ||  2333
         Punch             |       |     2 |    16 |    65 |    85 |       |       |       |       ||   168
         Dagger            |       |       |   326 |  1064 |   743 |       |       |       |       ||  2133
         Hand axe          |       |       |    21 |       |   142 |       |       |       |       ||   163
         Scimitar          |       |       |       |    17 |    21 |       |    29 |       |       ||    67
         War axe           |       |       |       |       |   163 |       |       |       |       ||   163
         Battleaxe         |       |       |       |       |    34 |       |       |       |       ||    34
         Halberd           |       |       |       |       |   406 |       |       |       |       ||   406
         Lajatang          |       |       |       |       |    30 |   316 |       |       |       ||   346
         Trident           |       |       |       |       |       |   198 |       |       |       ||   198
         Demon blade       |       |       |       |       |       |   602 |  1159 |   434 |       ||  2195
         Quick blade       |       |       |       |       |       |       |       |   259 |       ||   259
         Demon trident     |       |       |       |       |       |       |       |   718 |  3444 ||  4162
         Long sword        |       |       |       |       |       |       |       |    30 |       ||    30
   Fire: Sling             |       |       |       |       |       |       |   110 |     4 |       ||   114
  Throw: Throwing net      |       |     2 |     2 |     1 |       |       |     2 |       |     1 ||     8
         Dart              |       |       |       |     9 |     3 |     1 |     2 |       |       ||    15
         Javelin           |       |       |       |     1 |     1 |    11 |       |     2 |    10 ||    25
   Cast: Vampiric Draining |       |       |       |       |       |     5 |     2 |       |       ||     7
         Confusing Touch   |       |       |       |       |       |     1 |       |       |       ||     1
         Iskenderun's Myst |       |       |       |       |       |     1 |     3 |     4 |     8 ||    16
         Olgreb's Toxic Ra |       |       |       |       |       |     1 |       |     1 |     1 ||     3
         Lee's Rapid Decon |       |       |       |       |       |       |     1 |    19 |    24 ||    44
         Summon Lightning  |       |       |       |       |       |       |     1 |       |     2 ||     3
         Summon Forest     |       |       |       |       |       |       |       |     3 |     4 ||     7
         Metabolic Englaci |       |       |       |       |       |       |       |     1 |     1 ||     2
         Airstrike         |       |       |       |       |       |       |       |     5 |    15 ||    20
         Fireball          |       |       |       |       |       |       |       |     4 |     2 ||     6
         Plasma Beam       |       |       |       |       |       |       |       |       |    23 ||    23
         Dispersal         |       |       |       |       |       |       |       |       |    12 ||    12
         Ozocubu's Armour  |       |       |       |       |       |       |       |       |     2 ||     2
         Dispel Undead     |       |       |       |       |       |       |       |       |    14 ||    14
 Invoke: Potion Petition   |       |       |       |     1 |     1 |     6 |     1 |     1 |     5 ||    15
         Bribe Branch      |       |       |       |       |       |       |       |     1 |     1 ||     2
         Call Merchant     |       |       |       |       |       |       |       |       |     2 ||     2
  Evoke: Wand              |       |       |     2 |    10 |     9 |    19 |     1 |     4 |    12 ||    57
         Lightning rod     |       |       |       |       |    15 |    15 |     9 |       |    14 ||    53
         Condenser vane    |       |       |       |       |     1 |     3 |     3 |       |     1 ||     8
         Horn of Geryon    |       |       |       |       |       |       |       |       |     1 ||     1
         Phantom mirror    |       |       |       |       |       |       |       |       |     1 ||     1
    Use: Scroll            |       |     8 |     6 |     6 |    21 |    10 |    10 |     6 |    12 ||    79
         Potion            |       |       |     1 |     9 |     4 |     9 |     1 |     3 |    22 ||    49
   Stab: Sleeping          |     2 |     1 |     5 |     6 |    34 |    20 |    37 |    12 |    47 ||   164
         Held in net/web   |       |     3 |     1 |     2 |       |       |     2 |       |     3 ||    11
         Paralysed         |       |       |       |     4 |       |       |       |       |       ||     4
         Distracted        |       |       |       |     4 |    17 |    21 |    22 |    22 |    64 ||   150
         Invisible         |       |       |       |       |     1 |     1 |       |     1 |     7 ||    10
         Petrified         |       |       |       |       |       |     1 |       |       |       ||     1
         Confused          |       |       |       |       |       |       |       |       |     3 ||     3
 Armour: Leather armour    |    55 |    95 |   152 |   273 |   663 |       |       |       |       ||  1238
         Skin              |       |       |       |    49 |       |       |       |       |       ||    49
         Ring mail         |       |       |       |       |    19 |   755 |   358 |   332 |   705 ||  2169
  Dodge: Dodged            |    84 |   156 |   255 |   634 |  1174 |   858 |   471 |   461 |  1476 ||  5569
  Block: Kite shield       |       |       |       |       |       |   303 |       |       |       ||   303
         Tower shield      |       |       |       |       |       |   996 |  1717 |  1424 |  4096 ||  8233
         Reflection        |       |       |       |       |       |    46 |       |       |       ||    46
